 Dungeon Crawl Stone Soup version 0.27.1-4-g1640c2035a (webtiles) character file.

Game seed: 14106016368901883590

100 pkoi the Shield-Bearer (level 4, -2/39 HPs)
             Began as a Minotaur Fighter on Nov 1, 2021.
             Was an Initiate of Makhleb.
             Slain by Grinder (4 damage)
             ... while paralysed by Grinder
             ... on level 3 of the Dungeon.
             The game lasted 00:02:06 (1905 turns).

pkoi the Shield-Bearer (Minotaur Fighter)           Turns: 1905, Time: 00:02:06

Health: -2/39      AC:  8    Str: 21    XL:     4   Next: 46%
Magic:  3/3        EV:  2    Int:  5    God:    Makhleb [......]
Gold:   130        SH:  0    Dex: 10    Spells: 3/3 levels left

rFire    . . .     SeeInvis .   a - +0 long sword
rCold    . . .     Faith    .   c - +0 kite shield
rNeg     . . .     Spirit   .   b - +0 scale mail
rPois    .         Reflect  .   (helmet restricted)
rElec    .         Harm     .   (no cloak)
rCorr    .         Rampage  .   i - +0 pair of gloves
Will     .....                  (no boots)
Stlth    ..........             (no amulet)
HPRegen  0.13/turn              (no ring)
MPRegen  0.08/turn              (no ring)

@: paralysed
A: horns 2, retaliatory headbutt
a: Renounce Religion


You were on level 3 of the Dungeon.
You worshipped Makhleb.
Makhleb was noncommittal.
You visited 1 branch of the dungeon, and saw 3 of its levels.

You collected 130 gold pieces.

Inventory:

Hand Weapons
 a - a +0 long sword (weapon)
Missiles
 j - 8 datura-tipped darts (quivered)
Armour
 b - a +0 scale mail (worn)
 c - a +0 kite shield (worn)
 i - a +0 pair of gloves (worn)
Scrolls
 e - 2 scrolls of identify {unknown}
 h - a scroll of blinking {unknown}
 k - 2 scrolls of holy word {unknown}
Potions
 d - a potion of might
 f - a potion of curing {unknown}
 g - 2 potions of lignification {unknown}


   Skills:
 - Level 3.6 Fighting
 + Level 4.3 Long Blades
 - Level 3.6 Armour
 + Level 5.1 Shields
 + Level 0.6 Invocations


You had 3 spell levels left.
You didn't know any spells.
Your spell library contained the following spells:

 Spells                   Type           Power      Damage    Failure   Level
 Magic Dart               Conj           0%         1d3       99%         1
 Call Imp                 Summ           0%         N/A       100%        2
 Mephitic Cloud           Conj/Pois/Air  0%         N/A       100%        3


Dungeon Overview and Level Annotations

Branches:
Dungeon (3/15)

Altars:
Makhleb

Annotations:
D:3 Grinder


Innate Abilities, Weirdness & Mutations

You have a pair of horns on your head.
You reflexively headbutt those who attack you in melee.


Message History

You hit the rat.
You kill the rat!
Makhleb accepts your kill.
Grinder blinks!
Things that are here:
a +0 dagger; a goblin corpse
Found 13 gold pieces.
You see here a +1 great mace of protection.
You see here 4 gold pieces.
You now have 130 gold pieces (gained 4).
Grinder blinks!
Grinder gestures at you. Pain shoots through your body!
You hit Grinder but do no damage. Grinder hits you.
You writhe in agony.
You closely miss Grinder. Grinder barely misses you.
You barely miss Grinder. You block Grinder's attack.
Grinder hits you but does no damage.
You closely miss Grinder. Grinder hits you.
* * * LOW HITPOINT WARNING * * *
You writhe in agony.
* * * LOW HITPOINT WARNING * * *
You hit Grinder.
Grinder is lightly wounded.
Grinder gestures at you.
You suddenly lose the ability to move!
Grinder gestures at you. Pain shoots through your body!
* * * LOW HITPOINT WARNING * * *
Grinder hits you.
* * * LOW HITPOINT WARNING * * *
You writhe in agony.
* * * LOW HITPOINT WARNING * * *
Grinder hits you but does no damage. Grinder gestures at you.
You resist with significant effort. Grinder gestures at you.
Pain shoots through your body!
* * * LOW HITPOINT WARNING * * *
Grinder hits you.
You die...

####### #....<#
#)#####$#
######.......#
#............#
#.##)@5.###..#
###'##..#####..#
...............
......#.####...
..........#
.....##.#....
##### #.######
... #.#


You could see Grinder.

Vanquished Creatures
  Terence (D:2)
  2 adders (D:2)
  2 worms (D:2)
  3 dart slugs
  6 ball pythons
  2 endoplasms
  A giant cockroach (D:1)
  5 goblins
  5 hobgoblins
  3 quokkas
  2 bats
  A frilled lizard (D:1)
  3 kobolds
  6 rats
42 creatures vanquished.

Notes
Turn   | Place    | Note
-------+----------+-------------------------------------------
     0 | D:1      | pkoi the Minotaur Fighter began the quest for the Orb.
     0 | D:1      | Reached XP level 1. HP: 19/19 MP: 0/0
   331 | D:1      | Reached skill level 4 in Shields
   350 | D:1      | Reached XP level 2. HP: 26/26 MP: 1/1
   899 | D:2      | Reached XP level 3. HP: 31/31 MP: 2/2
   904 | D:2      | Noticed Terence
   911 | D:2      | Killed Terence
   991 | D:2      | Reached XP level 4. HP: 29/39 MP: 3/3
  1071 | D:2      | Found a burning altar of Makhleb.
  1104 | D:2      | Became a worshipper of Makhleb the Destroyer
  1217 | D:2      | Reached skill level 5 in Shields
  1883 | D:3      | Noticed Grinder
  1900 | D:3      | Paralysed by Grinder for 7 turns
  1905 | D:3      | Slain by Grinder

Illustrated notes

Levels and vault maps discovered:
D:1:      dpeg_arrival_tiny_f, layout_loops_ring
D:2:      layout_loops_ring, basic_altar, patterned_corridor, uniq_terence
D:3:      gammafunk_wand_slinger, layout_basic, fiery_altar_vehumet,
          basic_ecumenical_altar, uniq_grinder

Skill      XL: |  1  2  3  4 |
---------------+-------------+-----
Shields        | 4 5 |  5.1
Long Blades    | 3 4 |  4.3
Fighting       | |  3.6
Armour         | |  3.6
Invocations    | |  0.6

Action                   |  1- 3 |  4- 6 || total
-------------------------+-------+-------++-------
Melee: Long sword        |    63 |    47 ||   110
       Headbutt          |    12 |     7 ||    19
Armor: Scale mail        |    28 |    16 ||    44
Dodge: Dodged            |    13 |    16 ||    29
Block: Kite shield       |    33 |    26 ||    59
       Rpst.: Long sword |     3 |     3 ||     6
